2760 views
Uploaded 2019-12-01 21:14:17
Game version 1.32.0.3 / 1.32.0.3.1
34:14 long 4on4 ladder game on (8)MarketSquare
Saved by BEARAND
2760 views
Uploaded 2019-12-01 21:14:17
Game version 1.32.0.3 / 1.32.0.3.1
34:14 long 4on4 ladder game on (8)MarketSquare


272 units @ 35.5k
/ 4.9k
90 buildings @ 12.4k
/ 5.7k



| Orb of Venom | 2 | 650 |
| Potion of Healing | 1 | 150 |
| total: | 3 | 800g |
| Wisp | 19 | 1140 | / | 0 |
| Archer | 16 | 2080 | / | 160 |
| Huntress | 22 | 4290 | / | 440 |
| Hippogryph | 10 | 1600 | / | 200 |
| Faerie Dragon | 3 | 465 | / | 75 |
| Glaive Thrower | 4 | 840 | / | 260 |
| total: | 74 | 10415g | / | 1135w |
| Altar of Elders | 1 | 180 | / | 50 |
| Ancient of War | 1 | 150 | / | 60 |
| Moon Well | 8 | 1440 | / | 320 |
| Ancient of Wonders | 1 | 90 | / | 30 |
| Hunter's Hall | 1 | 210 | / | 100 |
| Tree of Life | 1 | 340 | / | 185 |
| Ancient of Wind | 1 | 150 | / | 140 |
| Tree of Ages | 1 | 320 | / | 180 |
| Tree of Eternity | 1 | 330 | / | 200 |
| total: | 14 | 2560g | / | 885w |
| 0:06 | Wisp |
| 0:06 | Wisp |
| 0:06 | Wisp |
| 0:06 | Wisp |
| 0:22 | Altar of Elders |
| 0:40 | Ancient of War |
| 0:52 | Moon Well |
| 1:46 | Archer |
| 1:46 | Archer |
| 1:46 | Archer |
| 2:20 | Ancient of Wonders |
| 2:37 | Archer |
| 2:37 | Archer |
| 2:53 | Searing Arrows |
| 3:55 | Moon Well |
| 4:34 | Trueshot Aura |
| 4:50 | Moon Well |
| 5:12 | Wisp |
| 5:12 | Wisp |
| 5:12 | Wisp |
| 5:59 | Wisp |
| 6:00 | Wisp |
| 6:00 | Wisp |
| 6:04 | Archer |
| 6:04 | Archer |
| 6:04 | Archer |
| 6:04 | Archer |
| 6:04 | Archer |
| 6:29 | Hunter's Hall |
| 6:59 | Tree of Ages |
| 7:38 | Huntress |
| 7:38 | Huntress |
| 9:25 | Huntress |
| 9:26 | Huntress |
| 9:26 | Huntress |
| 9:26 | Huntress |
| 9:32 | Moon Glaive |
| 9:54 | Ancient of Wind |
| 10:02 | Strength of the Moon |
| 10:05 | Moon Armor |
| 10:08 | Tree of Eternity |
| 10:17 | Moon Well |
| 11:13 | Moon Well |
| 11:23 | Vorpal Blades |
| 11:29 | Improved Bows |
| 11:42 | Improved Strength of the Moon |
| 12:10 | Moon Well |
| 12:42 | Hippogryph |
| 12:42 | Hippogryph |
| 12:43 | Hippogryph |
| 12:45 | Hippogryph |
| 12:56 | Entangling Roots |
| 13:00 | Huntress |
| 13:00 | Huntress |
| 13:00 | Huntress |
| 13:02 | Huntress |
| 13:02 | Huntress |
| 13:13 | Hippogryph |
| 13:27 | Marksmanship |
| 14:17 | Tree of Life |
| 14:30 | Advanced Strength of the Moon |
| 15:02 | Trueshot Aura |
| 16:00 | Orb of Venom |
| 16:03 | Potion of Healing |
| 16:41 | Faerie Dragon |
| 16:41 | Faerie Dragon |
| 16:46 | Faerie Dragon |
| 18:12 | Archer |
| 18:12 | Archer |
| 18:12 | Archer |
| 18:12 | Archer |
| 18:14 | Huntress |
| 18:14 | Huntress |
| 18:14 | Huntress |
| 20:58 | Glaive Thrower |
| 20:58 | Glaive Thrower |
| 21:00 | Glaive Thrower |
| 21:00 | Glaive Thrower |
| 21:10 | Hippogryph |
| 21:10 | Hippogryph |
| 21:11 | Hippogryph |
| 21:11 | Hippogryph |
| 21:11 | Hippogryph |
| 21:41 | Wisp |
| 21:41 | Wisp |
| 21:41 | Wisp |
| 21:41 | Wisp |
| 21:41 | Wisp |
| 21:58 | Wisp |
| 21:58 | Wisp |
| 21:59 | Wisp |
| 23:54 | Moon Well |
| 25:12 | Moon Well |
| 25:36 | Orb of Venom |
| 26:48 | Archer |
| 26:48 | Archer |
| 29:11 | Huntress |
| 29:11 | Huntress |
| 29:11 | Huntress |
| 29:11 | Huntress |
| 29:11 | Huntress |
| 29:11 | Huntress |
| 29:12 | Huntress |
| 29:12 | Huntress |
| 30:26 | Improved Moon Armor |
| 30:27 | Strength of the Wild |
| 30:27 | Reinforced Hides |
| 30:28 | Well Spring |
| 30:28 | Ultravision |
| 30:33 | Sentinel |
| 30:36 | Druid of the Talon Adept Training |
| 30:54 | Wisp |
| 32:51 | Fan of Knives |
| Right click | 795 |
| Select | 400 |
| Build/train/purchase | 102 |
| Use ability | 40 |
| Select group | 31 |
| Assign group | 11 |
| Resource trade | 7 |
| Minimap ping | 6 |
| Remove unit | 3 |


| Scroll of Regeneration | 1 | 100 |
| Scroll of Town Portal | 2 | 700 |
| total: | 3 | 800g |
| Peasant | 19 | 1425 | / | 0 |
| Footman | 9 | 1215 | / | 0 |
| Rifleman | 14 | 2870 | / | 420 |
| Priest | 4 | 540 | / | 40 |
| Sorceress | 6 | 930 | / | 120 |
| Mortar Team | 8 | 1440 | / | 560 |
| Siege Engine | 4 | 780 | / | 240 |
| Flying Machine | 8 | 800 | / | 240 |
| Assassin | 1 | 250 | / | 30 |
| Forest Troll High Priest | 1 | 305 | / | 40 |
| Rogue | 1 | 150 | / | 0 |
| Kobold Geomancer | 1 | 255 | / | 30 |
| total: | 76 | 10960g | / | 1720w |
| Scout Tower | 12 | 360 | / | 240 |
| Arcane Tower | 8 | 560 | / | 400 |
| Guard Tower | 4 | 280 | / | 200 |
| Altar of Kings | 2 | 360 | / | 100 |
| Farm | 9 | 720 | / | 180 |
| Barracks | 1 | 160 | / | 60 |
| Arcane Vault | 1 | 130 | / | 30 |
| Blacksmith | 1 | 140 | / | 60 |
| Town Hall | 1 | 385 | / | 205 |
| Lumber Mill | 1 | 120 | / | 0 |
| Arcane Sanctum | 2 | 300 | / | 280 |
| Workshop | 1 | 140 | / | 140 |
| Keep | 1 | 320 | / | 210 |
| Castle | 1 | 360 | / | 210 |
| total: | 31 | 2815g | / | 1295w |
| 0:08 | Altar of Kings |
| 0:16 | Altar of Kings |
| 0:18 | Peasant |
| 0:18 | Peasant |
| 0:22 | Peasant |
| 0:22 | Peasant |
| 0:36 | Farm |
| 0:53 | Farm |
| 1:14 | Peasant |
| 1:14 | Peasant |
| 1:14 | Peasant |
| 1:15 | Peasant |
| 1:15 | Peasant |
| 1:33 | Barracks |
| 1:55 | Scout Tower |
| 2:29 | Farm |
| 2:33 | Arcane Tower |
| 2:37 | Footman |
| 2:37 | Footman |
| 3:29 | Summon Water Elemental |
| 4:19 | Footman |
| 4:24 | Arcane Vault |
| 4:34 | Blacksmith |
| 4:41 | Scout Tower |
| 4:58 | Keep |
| 5:21 | Rifleman |
| 5:21 | Rifleman |
| 5:38 | Farm |
| 5:42 | Scout Tower |
| 5:52 | Farm |
| 6:13 | Arcane Tower |
| 6:38 | Scroll of Regeneration |
| 7:32 | Blizzard |
| 8:53 | Brilliance Aura |
| 9:05 | Assassin |
| 9:11 | Forest Troll High Priest |
| 9:13 | Rogue |
| 9:15 | Kobold Geomancer |
| 9:39 | Arcane Sanctum |
| 9:58 | Arcane Tower |
| 10:13 | Arcane Sanctum |
| 10:21 | Farm |
| 10:50 | Priest |
| 10:51 | Priest |
| 10:58 | Rifleman |
| 11:00 | Long Rifles |
| 11:02 | Black Gunpowder |
| 11:16 | Farm |
| 11:54 | Sorceress |
| 11:54 | Sorceress |
| 11:57 | Sorceress |
| 11:57 | Sorceress |
| 12:08 | Scout Tower |
| 14:07 | Castle |
| 14:20 | Town Hall |
| 14:43 | Arcane Tower |
| 14:50 | Priest Adept Training |
| 14:50 | Sorceress Adept Training |
| 14:56 | Storm Bolt |
| 15:09 | Rifleman |
| 15:09 | Rifleman |
| 15:16 | Farm |
| 15:19 | Farm |
| 15:34 | Peasant |
| 15:44 | Scout Tower |
| 16:55 | Arcane Tower |
| 17:05 | Peasant |
| 17:06 | Peasant |
| 17:06 | Peasant |
| 17:13 | Scout Tower |
| 17:36 | Scout Tower |
| 17:44 | Arcane Tower |
| 17:53 | Arcane Tower |
| 18:02 | Workshop |
| 19:53 | Mortar Team |
| 19:57 | Mortar Team |
| 19:58 | Mortar Team |
| 20:05 | Siege Engine |
| 20:06 | Siege Engine |
| 20:06 | Siege Engine |
| 20:11 | Peasant |
| 21:33 | Scout Tower |
| 22:27 | Arcane Tower |
| 22:33 | Scout Tower |
| 22:37 | Scout Tower |
| 22:52 | Scout Tower |
| 24:03 | Summon Water Elemental |
| 25:07 | Lumber Mill |
| 26:22 | Guard Tower |
| 26:23 | Guard Tower |
| 26:25 | Guard Tower |
| 26:28 | Mortar Team |
| 26:29 | Mortar Team |
| 26:33 | Rifleman |
| 26:33 | Rifleman |
| 26:34 | Rifleman |
| 26:34 | Rifleman |
| 27:24 | Scout Tower |
| 27:43 | Scroll of Town Portal |
| 27:44 | Scroll of Town Portal |
| 27:50 | Priest |
| 27:50 | Priest |
| 28:04 | Rifleman |
| 28:08 | Sorceress |
| 28:08 | Sorceress |
| 28:33 | Guard Tower |
| 30:24 | Siege Engine |
| 30:45 | Footman |
| 30:45 | Footman |
| 30:45 | Footman |
| 30:46 | Footman |
| 30:46 | Footman |
| 30:46 | Footman |
| 30:53 | Peasant |
| 30:53 | Peasant |
| 30:54 | Peasant |
| 30:54 | Peasant |
| 30:55 | Peasant |
| 31:06 | Flying Machine |
| 31:07 | Flying Machine |
| 31:08 | Flying Machine |
| 31:26 | Flak Cannons |
| 31:28 | Flying Machine Bombs |
| 31:38 | Flying Machine |
| 31:38 | Flying Machine |
| 31:38 | Flying Machine |
| 31:39 | Flying Machine |
| 31:50 | Rifleman |
| 31:50 | Rifleman |
| 31:51 | Rifleman |
| 31:51 | Rifleman |
| 32:11 | Flying Machine |
| 32:27 | Mortar Team |
| 33:21 | Mortar Team |
| 33:21 | Mortar Team |
| Right click | 717 |
| Select | 345 |
| Build/train/purchase | 118 |
| Use ability | 11 |
| Remove unit | 7 |


| Lesser Clarity Potion | 1 | 70 |
| Staff of Preservation | 1 | 150 |
| Potion of Healing | 2 | 300 |
| Orb of Venom | 2 | 650 |
| Potion of Mana | 2 | 400 |
| Scroll of Town Portal | 1 | 350 |
| total: | 9 | 1920g |
| Wisp | 55 | 3300 | / | 0 |
| Archer | 6 | 780 | / | 60 |
| Dryad | 5 | 725 | / | 300 |
| Chimaera | 5 | 1650 | / | 350 |
| Hippogryph | 5 | 800 | / | 100 |
| total: | 76 | 7255g | / | 810w |
| Ancient Protector | 4 | 540 | / | 320 |
| Altar of Elders | 1 | 180 | / | 50 |
| Moon Well | 7 | 1260 | / | 280 |
| Ancient of War | 1 | 150 | / | 60 |
| Ancient of Wonders | 2 | 180 | / | 60 |
| Hunter's Hall | 1 | 210 | / | 100 |
| Tree of Life | 5 | 1700 | / | 925 |
| Ancient of Lore | 2 | 310 | / | 290 |
| Ancient of Wind | 1 | 150 | / | 140 |
| Chimaera Roost | 3 | 420 | / | 570 |
| Tree of Ages | 1 | 320 | / | 180 |
| Tree of Eternity | 2 | 660 | / | 400 |
| total: | 27 | 5100g | / | 2795w |
| 0:03 | Wisp |
| 0:03 | Wisp |
| 0:05 | Altar of Elders |
| 0:20 | Moon Well |
| 0:26 | Wisp |
| 0:36 | Wisp |
| 0:49 | Ancient of War |
| 0:57 | Wisp |
| 1:15 | Wisp |
| 1:29 | Wisp |
| 1:36 | Moon Well |
| 1:44 | Ancient of Wonders |
| 1:47 | Wisp |
| 1:50 | Wisp |
| 1:52 | Archer |
| 2:07 | Wisp |
| 2:10 | Force of Nature |
| 2:38 | Archer |
| 3:02 | Archer |
| 3:08 | Tree of Ages |
| 3:22 | Archer |
| 3:25 | Moon Well |
| 4:17 | Archer |
| 4:28 | Lesser Clarity Potion |
| 4:42 | Archer |
| 5:06 | Hunter's Hall |
| 5:52 | Entangling Roots |
| 6:05 | Wisp |
| 6:05 | Wisp |
| 6:06 | Wisp |
| 6:10 | Ancient of Lore |
| 6:10 | Ancient of Lore |
| 6:29 | Tree of Life |
| 6:41 | Ancient Protector |
| 6:43 | Ancient Protector |
| 7:53 | Wisp |
| 7:53 | Wisp |
| 7:53 | Wisp |
| 7:56 | Dryad |
| 8:04 | Ancient Protector |
| 8:31 | Dryad |
| 8:32 | Abolish Magic |
| 8:33 | Dryad |
| 8:40 | Staff of Preservation |
| 8:46 | Potion of Healing |
| 9:19 | Wisp |
| 9:19 | Wisp |
| 9:19 | Wisp |
| 9:20 | Wisp |
| 9:20 | Wisp |
| 10:08 | Tree of Life |
| 10:16 | Wisp |
| 10:16 | Wisp |
| 11:03 | Wisp |
| 11:03 | Wisp |
| 11:03 | Wisp |
| 11:04 | Wisp |
| 11:07 | Wisp |
| 11:07 | Wisp |
| 11:07 | Wisp |
| 11:07 | Wisp |
| 11:07 | Wisp |
| 11:46 | Moon Well |
| 11:49 | Moon Well |
| 12:00 | Tree of Eternity |
| 12:26 | Force of Nature |
| 14:12 | Strength of the Wild |
| 14:21 | Tree of Life |
| 14:44 | Chimaera Roost |
| 14:51 | Wisp |
| 14:51 | Wisp |
| 14:52 | Wisp |
| 14:52 | Wisp |
| 14:54 | Wisp |
| 15:39 | Chimaera Roost |
| 15:41 | Chimaera Roost |
| 16:05 | Wisp |
| 16:54 | Orb of Venom |
| 16:56 | Potion of Healing |
| 16:56 | Potion of Mana |
| 17:04 | Scroll of Town Portal |
| 17:26 | Corrosive Breath |
| 17:47 | Chimaera |
| 17:52 | Trueshot Aura |
| 19:12 | Chimaera |
| 19:24 | Tree of Life |
| 19:58 | Chimaera |
| 20:02 | Chimaera |
| 20:05 | Improved Strength of the Wild |
| 20:05 | Reinforced Hides |
| 21:23 | Moon Well |
| 21:24 | Moon Well |
| 21:29 | Advanced Strength of the Wild |
| 22:15 | Ancient of Wonders |
| 22:16 | Wisp |
| 22:40 | Improved Reinforced Hides |
| 23:26 | Chimaera |
| 24:54 | Ancient of Wind |
| 25:15 | Tree of Life |
| 26:35 | Hippogryph |
| 26:35 | Hippogryph |
| 26:35 | Hippogryph |
| 26:36 | Hippogryph |
| 26:37 | Hippogryph |
| 27:15 | Wisp |
| 27:15 | Wisp |
| 27:15 | Wisp |
| 27:16 | Wisp |
| 27:16 | Wisp |
| 28:13 | Orb of Venom |
| 28:14 | Potion of Mana |
| 30:39 | Wisp |
| 30:40 | Wisp |
| 30:40 | Wisp |
| 30:40 | Wisp |
| 30:41 | Wisp |
| 30:48 | Wisp |
| 30:48 | Wisp |
| 30:48 | Wisp |
| 30:49 | Wisp |
| 30:49 | Wisp |
| 30:49 | Wisp |
| 31:11 | Ancient Protector |
| 31:25 | Dryad |
| 31:30 | Ultravision |
| 32:30 | Dryad |
| Right click | 1540 |
| Select | 588 |
| Resource trade | 199 |
| Build/train/purchase | 111 |
| Use ability | 60 |
| Misc. action | 34 |
| Remove unit | 3 |
| Minimap ping | 3 |
| Assign group | 2 |
| Select group | 2 |

| Orb of Fire | 1 | 325 |
| Scroll of Regeneration | 3 | 300 |
| Lesser Clarity Potion | 4 | 280 |
| Potion of Mana | 1 | 200 |
| Potion of Healing | 1 | 150 |
| Ivory Tower | 2 | 80 |
| Scroll of Healing | 2 | 500 |
| Scroll of Town Portal | 3 | 1050 |
| Potion of Lesser Invulnerability | 2 | 300 |
| Scroll of Protection | 1 | 150 |
| Periapt of Vitality | 1 | 325 |
| total: | 21 | 3660g |
| Peasant | 20 | 1500 | / | 0 |
| Rifleman | 9 | 1845 | / | 270 |
| Mortar Team | 5 | 900 | / | 350 |
| Siege Engine | 2 | 390 | / | 120 |
| Knight | 7 | 1715 | / | 420 |
| Flying Machine | 2 | 200 | / | 60 |
| Forest Troll High Priest | 1 | 305 | / | 40 |
| total: | 46 | 6855g | / | 1260w |
| Arcane Tower | 2 | 140 | / | 100 |
| Blacksmith | 1 | 140 | / | 60 |
| Farm | 10 | 800 | / | 200 |
| Barracks | 2 | 320 | / | 120 |
| Altar of Kings | 1 | 180 | / | 50 |
| Lumber Mill | 1 | 120 | / | 0 |
| Arcane Vault | 1 | 130 | / | 30 |
| Workshop | 2 | 280 | / | 280 |
| Keep | 1 | 320 | / | 210 |
| Castle | 1 | 360 | / | 210 |
| total: | 18 | 1970g | / | 740w |
| 0:05 | Peasant |
| 0:06 | Peasant |
| 0:19 | Blacksmith |
| 0:26 | Farm |
| 0:30 | Peasant |
| 0:34 | Peasant |
| 0:52 | Peasant |
| 1:08 | Barracks |
| 1:16 | Peasant |
| 1:41 | Barracks |
| 1:45 | Peasant |
| 1:55 | Farm |
| 1:58 | Peasant |
| 2:16 | Altar of Kings |
| 2:27 | Peasant |
| 2:27 | Peasant |
| 2:32 | Lumber Mill |
| 2:46 | Farm |
| 2:57 | Rifleman |
| 3:04 | Farm |
| 3:25 | Rifleman |
| 3:33 | Farm |
| 3:39 | Rifleman |
| 3:59 | Rifleman |
| 4:20 | Storm Bolt |
| 4:31 | Keep |
| 5:02 | Rifleman |
| 6:36 | Black Gunpowder |
| 6:39 | Farm |
| 6:43 | Improved Masonry |
| 6:45 | Rifleman |
| 6:48 | Studded Leather Armor |
| 6:53 | Farm |
| 6:58 | Castle |
| 7:55 | Long Rifles |
| 7:57 | Refined Gunpowder |
| 8:02 | Workshop |
| 8:07 | Workshop |
| 8:13 | Bash |
| 8:57 | Potion of Lesser Invulnerability |
| 8:58 | Scroll of Healing |
| 9:05 | Storm Bolt |
| 9:09 | Scroll of Protection |
| 9:11 | Periapt of Vitality |
| 10:02 | Fragmentation Shards |
| 10:03 | Mortar Team |
| 10:07 | Farm |
| 10:12 | Farm |
| 10:59 | Reinforced Leather Armor |
| 11:01 | Mortar Team |
| 11:41 | Mortar Team |
| 11:44 | Advanced Masonry |
| 11:46 | Imbued Gunpowder |
| 11:50 | Farm |
| 12:32 | Flare |
| 12:34 | Mortar Team |
| 14:11 | Siege Engine |
| 14:17 | Iron Forged Swords |
| 14:17 | Iron Plating |
| 14:32 | Arcane Vault |
| 14:43 | Knight |
| 15:18 | Scroll of Town Portal |
| 15:19 | Orb of Fire |
| 15:20 | Scroll of Regeneration |
| 15:24 | Lesser Clarity Potion |
| 15:32 | Potion of Mana |
| 15:36 | Potion of Healing |
| 15:38 | Sundering Blades |
| 15:39 | Animal War Training |
| 15:42 | Barrage |
| 15:43 | Siege Engine |
| 16:20 | Bash |
| 16:30 | Forest Troll High Priest |
| 17:16 | Knight |
| 17:18 | Mortar Team |
| 17:40 | Steel Forged Swords |
| 20:34 | Rifleman |
| 20:34 | Rifleman |
| 20:34 | Rifleman |
| 21:36 | Scroll of Regeneration |
| 21:40 | Lesser Clarity Potion |
| 22:32 | Potion of Lesser Invulnerability |
| 22:34 | Scroll of Town Portal |
| 22:34 | Scroll of Town Portal |
| 23:08 | Scroll of Healing |
| 23:29 | Peasant |
| 24:04 | Storm Bolt |
| 24:46 | Peasant |
| 24:59 | Peasant |
| 25:07 | Steel Plating |
| 25:10 | Mithril Forged Swords |
| 25:12 | Knight |
| 25:14 | Knight |
| 25:33 | Knight |
| 25:56 | Peasant |
| 25:56 | Peasant |
| 25:56 | Peasant |
| 26:45 | Peasant |
| 26:45 | Peasant |
| 27:08 | Ivory Tower |
| 27:09 | Ivory Tower |
| 27:23 | Arcane Tower |
| 27:25 | Arcane Tower |
| 28:57 | Mithril Plating |
| 28:59 | Knight |
| 29:03 | Imbued Masonry |
| 29:12 | Flying Machine |
| 30:11 | Flying Machine |
| 30:15 | Knight |
| 30:41 | Lesser Clarity Potion |
| 30:41 | Lesser Clarity Potion |
| 30:46 | Scroll of Regeneration |
| 31:12 | Peasant |
| 31:13 | Peasant |
| Right click | 956 |
| Select | 503 |
| Build/train/purchase | 114 |
| Use ability | 49 |
| Assign group | 40 |
| Select group | 23 |
| Item give/drop | 3 |
| Minimap ping | 2 |
99 units @ 9.8k
/ 0.9k
288 buildings @ 25k
/ 14.5k


| Lesser Clarity Potion | 3 | 210 |
| Healing Salve | 3 | 300 |
| Orb of Lightning | 1 | 375 |
| Boots of Speed | 2 | 500 |
| Staff of Teleportation | 2 | 300 |
| Periapt of Vitality | 5 | 1625 |
| Potion of Invisibility | 1 | 100 |
| total: | 17 | 3410g |
| Peon | 26 | 1950 | / | 0 |
| Troll Batrider | 9 | 1440 | / | 360 |
| total: | 35 | 3390g | / | 360w |
| Watch Tower | 69 | 7590 | / | 5520 |
| Altar of Storms | 1 | 180 | / | 50 |
| Orc Burrow | 5 | 800 | / | 200 |
| War Mill | 2 | 410 | / | 0 |
| Voodoo Lounge | 5 | 650 | / | 150 |
| Great Hall | 2 | 770 | / | 370 |
| Beastiary | 3 | 435 | / | 420 |
| Stronghold | 1 | 315 | / | 190 |
| Fortress | 1 | 325 | / | 190 |
| total: | 87 | 10835g | / | 6710w |
| 0:03 | Peon |
| 0:03 | Peon |
| 0:07 | Altar of Storms |
| 0:11 | Orc Burrow |
| 0:12 | Orc Burrow |
| 0:26 | Peon |
| 0:44 | Peon |
| 0:52 | War Mill |
| 1:09 | Voodoo Lounge |
| 1:12 | Peon |
| 1:22 | Peon |
| 1:24 | Peon |
| 1:34 | Orc Burrow |
| 1:40 | Peon |
| 1:47 | Peon |
| 2:08 | Wind Walk |
| 2:13 | Lesser Clarity Potion |
| 2:13 | Lesser Clarity Potion |
| 2:13 | Healing Salve |
| 2:16 | Healing Salve |
| 2:19 | Watch Tower |
| 2:23 | Peon |
| 2:49 | Peon |
| 2:49 | Peon |
| 2:49 | Peon |
| 3:17 | Watch Tower |
| 3:31 | Stronghold |
| 4:42 | Watch Tower |
| 5:02 | Watch Tower |
| 5:03 | Watch Tower |
| 5:10 | Watch Tower |
| 5:11 | Watch Tower |
| 5:15 | Watch Tower |
| 5:16 | Watch Tower |
| 5:29 | Critical Strike |
| 6:13 | Fortress |
| 7:22 | Beastiary |
| 7:22 | Beastiary |
| 7:24 | Beastiary |
| 8:35 | Boots of Speed |
| 8:42 | Peon |
| 8:42 | Peon |
| 8:42 | Peon |
| 8:57 | Reinforced Defenses |
| 9:01 | Orb of Lightning |
| 9:02 | Healing Salve |
| 9:02 | Lesser Clarity Potion |
| 9:19 | Staff of Teleportation |
| 9:29 | Hex |
| 9:51 | Voodoo Lounge |
| 9:56 | Voodoo Lounge |
| 10:15 | Wind Walk |
| 10:23 | Liquid Fire |
| 10:24 | Troll Batrider |
| 11:37 | Orc Burrow |
| 11:47 | Boots of Speed |
| 11:48 | Periapt of Vitality |
| 11:56 | Orc Burrow |
| 12:05 | Watch Tower |
| 13:26 | Troll Batrider |
| 13:30 | Watch Tower |
| 13:31 | Watch Tower |
| 13:31 | Watch Tower |
| 13:44 | Staff of Teleportation |
| 14:19 | Watch Tower |
| 14:21 | Watch Tower |
| 14:21 | Watch Tower |
| 14:27 | Watch Tower |
| 14:45 | Troll Batrider |
| 15:06 | Troll Batrider |
| 15:19 | Healing Wave |
| 15:51 | Watch Tower |
| 16:10 | Troll Batrider |
| 16:30 | Critical Strike |
| 17:39 | Watch Tower |
| 17:51 | Watch Tower |
| 17:52 | Watch Tower |
| 17:53 | Watch Tower |
| 17:53 | Watch Tower |
| 17:54 | Watch Tower |
| 17:55 | Watch Tower |
| 17:56 | Watch Tower |
| 17:57 | Watch Tower |
| 17:58 | Watch Tower |
| 17:58 | Watch Tower |
| 17:59 | Watch Tower |
| 18:35 | Healing Wave |
| 19:38 | Wind Walk |
| 19:53 | Great Hall |
| 19:56 | Watch Tower |
| 19:56 | Watch Tower |
| 19:57 | Watch Tower |
| 19:58 | Watch Tower |
| 20:02 | Watch Tower |
| 20:20 | Peon |
| 20:20 | Peon |
| 20:20 | Peon |
| 20:20 | Peon |
| 20:43 | Troll Batrider |
| 21:30 | Watch Tower |
| 21:31 | Watch Tower |
| 21:32 | Watch Tower |
| 21:34 | Watch Tower |
| 21:52 | Troll Batrider |
| 22:49 | Peon |
| 23:12 | Watch Tower |
| 23:13 | Watch Tower |
| 23:14 | Watch Tower |
| 23:17 | Peon |
| 23:17 | Peon |
| 23:47 | Bladestorm |
| 23:54 | Troll Batrider |
| 23:54 | Troll Batrider |
| 24:49 | Peon |
| 24:49 | Peon |
| 24:49 | Peon |
| 24:57 | Periapt of Vitality |
| 25:26 | Periapt of Vitality |
| 25:29 | Potion of Invisibility |
| 25:59 | Periapt of Vitality |
| 26:21 | Watch Tower |
| 26:22 | Watch Tower |
| 26:22 | Watch Tower |
| 26:27 | Periapt of Vitality |
| 28:46 | Critical Strike |
| 30:31 | Voodoo Lounge |
| 30:42 | Watch Tower |
| 30:43 | Watch Tower |
| 30:45 | Watch Tower |
| 30:46 | Watch Tower |
| 30:47 | Watch Tower |
| 30:48 | Watch Tower |
| 30:49 | Watch Tower |
| 30:49 | Watch Tower |
| 30:50 | Watch Tower |
| 30:51 | Watch Tower |
| 30:55 | Watch Tower |
| 30:56 | Watch Tower |
| 30:56 | Watch Tower |
| 30:57 | Watch Tower |
| 30:57 | Watch Tower |
| 30:58 | Watch Tower |
| 30:58 | Watch Tower |
| 30:59 | Watch Tower |
| 31:00 | Watch Tower |
| 31:01 | Watch Tower |
| 31:02 | Watch Tower |
| 31:02 | Watch Tower |
| 31:03 | Watch Tower |
| 31:03 | Watch Tower |
| 32:46 | Great Hall |
| 32:49 | Voodoo Lounge |
| 32:52 | War Mill |
| 33:15 | Hex |
| Right click | 1888 |
| Select group | 391 |
| Select | 279 |
| Build/train/purchase | 142 |
| Misc. action | 71 |
| Use ability | 67 |
| Assign group | 28 |
| Esc | 7 |
| Item give/drop | 6 |
| Minimap ping | 4 |



x1)
| Potion of Healing | 1 | 150 |
| Staff of Sanctuary | 3 | 750 |
| Staff of Teleportation | 3 | 450 |
| Boots of Speed | 4 | 1000 |
| Tome of Retraining | 1 | 300 |
| Orb of Lightning | 3 | 1125 |
| total: | 15 | 3775g |
| Peasant | 13 | 975 | / | 0 |
| Priest | 1 | 135 | / | 10 |
| Sorceress | 1 | 155 | / | 20 |
| total: | 15 | 1265g | / | 30w |
| Scout Tower | 63 | 1890 | / | 1260 |
| Arcane Tower | 10 | 700 | / | 500 |
| Guard Tower | 31 | 2170 | / | 1550 |
| Altar of Kings | 1 | 180 | / | 50 |
| Farm | 7 | 560 | / | 140 |
| Lumber Mill | 1 | 120 | / | 0 |
| Arcane Vault | 2 | 260 | / | 60 |
| Town Hall | 1 | 385 | / | 205 |
| Barracks | 1 | 160 | / | 60 |
| Blacksmith | 1 | 140 | / | 60 |
| Arcane Sanctum | 1 | 150 | / | 140 |
| Gryphon Aviary | 2 | 280 | / | 300 |
| Keep | 1 | 320 | / | 210 |
| Castle | 1 | 360 | / | 210 |
| total: | 80 | 4125g | / | 2275w |
| 0:06 | Altar of Kings |
| 0:09 | Peasant |
| 0:09 | Peasant |
| 0:25 | Farm |
| 0:29 | Peasant |
| 0:34 | Peasant |
| 0:41 | Lumber Mill |
| 0:53 | Peasant |
| 0:55 | Farm |
| 0:59 | Farm |
| 1:05 | Farm |
| 1:16 | Scout Tower |
| 1:16 | Peasant |
| 1:26 | Peasant |
| 1:30 | Farm |
| 1:31 | Scout Tower |
| 1:32 | Peasant |
| 1:47 | Arcane Tower |
| 1:49 | Peasant |
| 2:03 | Peasant |
| 2:07 | Summon Water Elemental |
| 2:19 | Guard Tower |
| 2:20 | Scout Tower |
| 2:32 | Improved Masonry |
| 2:35 | Scout Tower |
| 2:40 | Scout Tower |
| 2:49 | Guard Tower |
| 2:52 | Peasant |
| 3:55 | Guard Tower |
| 3:56 | Keep |
| 3:58 | Scout Tower |
| 3:58 | Scout Tower |
| 3:59 | Guard Tower |
| 4:46 | Farm |
| 4:46 | Farm |
| 4:49 | Guard Tower |
| 4:50 | Scout Tower |
| 4:58 | Scout Tower |
| 4:58 | Scout Tower |
| 4:59 | Scout Tower |
| 4:59 | Scout Tower |
| 5:01 | Scout Tower |
| 5:02 | Scout Tower |
| 5:02 | Scout Tower |
| 5:03 | Scout Tower |
| 5:34 | Guard Tower |
| 5:35 | Guard Tower |
| 5:48 | Guard Tower |
| 6:28 | Guard Tower |
| 7:04 | Castle |
| 7:16 | Staff of Teleportation |
| 7:24 | Guard Tower |
| 7:24 | Guard Tower |
| 7:50 | Boots of Speed |
| 7:51 | Boots of Speed |
| 8:13 | Storm Bolt |
| 8:19 | Brilliance Aura |
| 8:20 | Guard Tower |
| 8:21 | Scout Tower |
| 8:22 | Scout Tower |
| 8:22 | Scout Tower |
| 8:23 | Scout Tower |
| 9:13 | Boots of Speed |
| 9:33 | Staff of Teleportation |
| 9:51 | Guard Tower |
| 9:55 | Arcane Sanctum |
| 9:57 | Advanced Masonry |
| 10:28 | Arcane Vault |
| 10:29 | Arcane Vault |
| 10:31 | Holy Light |
| 10:42 | Staff of Teleportation |
| 11:03 | Boots of Speed |
| 11:29 | Guard Tower |
| 11:31 | Scout Tower |
| 11:32 | Scout Tower |
| 11:34 | Scout Tower |
| 11:35 | Scout Tower |
| 11:35 | Scout Tower |
| 11:36 | Scout Tower |
| 11:59 | Guard Tower |
| 12:00 | Imbued Masonry |
| 12:28 | Guard Tower |
| 12:29 | Magic Sentry |
| 12:29 | Priest |
| 12:36 | Scout Tower |
| 12:37 | Scout Tower |
| 12:38 | Scout Tower |
| 12:38 | Scout Tower |
| 12:39 | Scout Tower |
| 13:12 | Orb of Lightning |
| 13:13 | Orb of Lightning |
| 13:26 | Potion of Healing |
| 13:34 | Staff of Sanctuary |
| 13:36 | Staff of Sanctuary |
| 13:47 | Brilliance Aura |
| 14:01 | Tome of Retraining |
| 14:01 | Retrain Hero |
| 14:06 | Bash |
| 14:13 | Blizzard |
| 14:13 | Brilliance Aura |
| 14:14 | Blizzard |
| 15:07 | Arcane Tower |
| 15:08 | Arcane Tower |
| 15:08 | Guard Tower |
| 15:09 | Guard Tower |
| 15:11 | Scout Tower |
| 15:12 | Scout Tower |
| 15:12 | Scout Tower |
| 15:12 | Scout Tower |
| 15:13 | Scout Tower |
| 15:14 | Scout Tower |
| 15:14 | Scout Tower |
| 15:15 | Scout Tower |
| 15:17 | Guard Tower |
| 15:46 | Arcane Tower |
| 16:35 | Arcane Tower |
| 16:36 | Arcane Tower |
| 16:56 | Town Hall |
| 16:58 | Scout Tower |
| 16:58 | Scout Tower |
| 16:59 | Scout Tower |
| 16:59 | Scout Tower |
| 17:00 | Scout Tower |
| 17:00 | Scout Tower |
| 17:01 | Scout Tower |
| 17:01 | Scout Tower |
| 17:02 | Scout Tower |
| 17:02 | Scout Tower |
| 17:04 | Scout Tower |
| 17:04 | Scout Tower |
| 17:05 | Scout Tower |
| 17:05 | Scout Tower |
| 17:06 | Scout Tower |
| 17:06 | Scout Tower |
| 17:06 | Scout Tower |
| 17:07 | Scout Tower |
| 17:08 | Scout Tower |
| 17:09 | Scout Tower |
| 17:09 | Scout Tower |
| 17:10 | Scout Tower |
| 17:12 | Divine Shield |
| 17:35 | Guard Tower |
| 17:35 | Guard Tower |
| 17:44 | Arcane Tower |
| 17:51 | Staff of Sanctuary |
| 18:11 | Guard Tower |
| 19:25 | Guard Tower |
| 19:36 | Orb of Lightning |
| 19:40 | Arcane Tower |
| 19:42 | Scout Tower |
| 20:16 | Arcane Tower |
| 20:16 | Guard Tower |
| 20:41 | Sorceress |
| 20:41 | Sorceress Adept Training |
| 21:29 | Guard Tower |
| 21:30 | Scout Tower |
| 21:59 | Guard Tower |
| 22:10 | Peasant |
| 22:10 | Peasant |
| 22:14 | Guard Tower |
| 22:16 | Guard Tower |
| 23:38 | Storm Bolt |
| 23:58 | Improved Lumber Harvesting |
| 24:43 | Gryphon Aviary |
| 24:45 | Gryphon Aviary |
| 24:47 | Barracks |
| 24:48 | Blacksmith |
| 26:12 | Brilliance Aura |
| 26:32 | Holy Light |
| 26:43 | Priest Adept Training |
| 26:44 | Sorceress Master Training |
| 26:49 | Cloud |
| 26:49 | Storm Hammers |
| 28:48 | Bash |
| 30:59 | Iron Forged Swords |
| 31:00 | Animal War Training |
| 32:08 | Brilliance Aura |
| 32:09 | Divine Shield |
| Right click | 2425 |
| Select | 639 |
| Select group | 542 |
| Chat | 316 |
| Build/train/purchase | 142 |
| Use ability | 118 |
| Minimap ping | 37 |
| Assign group | 24 |
| Misc. action | 15 |
| Item give/drop | 5 |
| Resource trade | 5 |



| Orb of Lightning | 2 | 750 |
| Healing Salve | 2 | 200 |
| Lesser Clarity Potion | 3 | 210 |
| Tiny Great Hall | 1 | 600 |
| Staff of Teleportation | 3 | 450 |
| Boots of Speed | 3 | 750 |
| Potion of Invisibility | 1 | 100 |
| Periapt of Vitality | 3 | 975 |
| Circlet of Nobility | 1 | 175 |
| Staff of Sanctuary | 3 | 750 |
| total: | 22 | 4960g |
| Peon | 14 | 1050 | / | 0 |
| Troll Batrider | 10 | 1600 | / | 400 |
| total: | 24 | 2650g | / | 400w |
| Watch Tower | 33 | 3630 | / | 2640 |
| Altar of Storms | 1 | 180 | / | 50 |
| Orc Burrow | 5 | 800 | / | 200 |
| War Mill | 1 | 205 | / | 0 |
| Voodoo Lounge | 2 | 260 | / | 60 |
| Great Hall | 2 | 770 | / | 370 |
| Beastiary | 1 | 145 | / | 140 |
| Stronghold | 1 | 315 | / | 190 |
| Fortress | 1 | 325 | / | 190 |
| total: | 45 | 5990g | / | 3460w |
| 0:03 | Peon |
| 0:03 | Peon |
| 0:06 | Altar of Storms |
| 0:17 | Orc Burrow |
| 0:25 | Peon |
| 0:25 | Peon |
| 0:50 | War Mill |
| 0:59 | Peon |
| 1:10 | Voodoo Lounge |
| 1:18 | Peon |
| 1:45 | Peon |
| 1:46 | Peon |
| 2:07 | Wind Walk |
| 2:13 | Watch Tower |
| 2:14 | Watch Tower |
| 2:16 | Peon |
| 2:33 | Peon |
| 2:35 | Orc Burrow |
| 3:15 | Stronghold |
| 3:25 | Watch Tower |
| 4:17 | Watch Tower |
| 4:18 | Watch Tower |
| 5:10 | Spiked Barricades |
| 5:15 | Watch Tower |
| 5:17 | Watch Tower |
| 5:29 | Staff of Teleportation |
| 5:29 | Boots of Speed |
| 5:38 | Fortress |
| 5:44 | Voodoo Lounge |
| 6:23 | Critical Strike |
| 6:30 | Watch Tower |
| 6:31 | Watch Tower |
| 6:40 | Healing Wave |
| 7:12 | Watch Tower |
| 7:12 | Watch Tower |
| 7:31 | Staff of Teleportation |
| 7:31 | Boots of Speed |
| 7:50 | Orc Burrow |
| 7:52 | Orc Burrow |
| 8:59 | Shockwave |
| 9:04 | Hex |
| 9:12 | Orb of Lightning |
| 9:22 | Reinforced Defenses |
| 9:25 | Watch Tower |
| 9:26 | Watch Tower |
| 9:41 | Improved Spiked Barricades |
| 10:35 | Watch Tower |
| 10:36 | Watch Tower |
| 11:01 | Wind Walk |
| 11:34 | Boots of Speed |
| 11:34 | Potion of Invisibility |
| 11:38 | Periapt of Vitality |
| 11:43 | Staff of Teleportation |
| 12:14 | Watch Tower |
| 12:15 | Watch Tower |
| 12:16 | Watch Tower |
| 12:21 | Beastiary |
| 12:23 | Watch Tower |
| 12:26 | Peon |
| 12:26 | Peon |
| 12:26 | Peon |
| 12:27 | Peon |
| 13:16 | Watch Tower |
| 13:17 | Watch Tower |
| 13:46 | Healing Wave |
| 14:02 | Endurance Aura |
| 14:05 | Watch Tower |
| 14:06 | Watch Tower |
| 14:15 | Healing Salve |
| 14:15 | Lesser Clarity Potion |
| 15:18 | Troll Batrider |
| 15:18 | Troll Batrider |
| 15:18 | Troll Batrider |
| 15:19 | Troll Batrider |
| 15:23 | Orc Burrow |
| 15:24 | Steel Ranged Weapons |
| 15:56 | Watch Tower |
| 17:08 | Critical Strike |
| 17:18 | Shockwave |
| 18:06 | Staff of Sanctuary |
| 19:45 | Hex |
| 20:19 | Periapt of Vitality |
| 20:21 | Circlet of Nobility |
| 20:25 | Staff of Sanctuary |
| 20:30 | Orb of Lightning |
| 20:39 | Watch Tower |
| 20:46 | Troll Batrider |
| 20:47 | Troll Batrider |
| 20:47 | Troll Batrider |
| 20:48 | Liquid Fire |
| 21:15 | Thorium Ranged Weapons |
| 21:16 | Steel Armor |
| 22:03 | Endurance Aura |
| 23:08 | Tiny Great Hall |
| 23:11 | Healing Salve |
| 23:18 | Lesser Clarity Potion |
| 23:24 | Lesser Clarity Potion |
| 23:29 | Staff of Sanctuary |
| 23:41 | Troll Batrider |
| 24:12 | Critical Strike |
| 25:00 | Arcanite Ranged Weapons |
| 25:01 | Thorium Armor |
| 25:06 | Great Hall |
| 25:20 | Watch Tower |
| 25:21 | Watch Tower |
| 25:21 | Watch Tower |
| 25:22 | Watch Tower |
| 25:23 | Watch Tower |
| 25:24 | Watch Tower |
| 25:24 | Watch Tower |
| 25:25 | Watch Tower |
| 27:17 | Troll Batrider |
| 27:17 | Troll Batrider |
| 28:23 | Healing Wave |
| 29:00 | Great Hall |
| 29:27 | Bladestorm |
| 29:57 | Shockwave |
| 31:08 | Periapt of Vitality |
| 33:10 | Big Bad Voodoo |
| Select group | 2147 |
| Right click | 2122 |
| Select | 251 |
| Build/train/purchase | 117 |
| Use ability | 116 |
| Misc. action | 85 |
| Item give/drop | 16 |
| Minimap ping | 13 |
| Assign group | 11 |
| Chat | 7 |
| Esc | 3 |



x1)
| Staff of Sanctuary | 3 | 750 |
| Orb of Fire | 1 | 325 |
| Scroll of Town Portal | 1 | 350 |
| Staff of Teleportation | 3 | 450 |
| Boots of Speed | 3 | 750 |
| Tome of Retraining | 1 | 300 |
| total: | 12 | 2925g |
| Peasant | 19 | 1425 | / | 0 |
| Priest | 2 | 270 | / | 20 |
| Dragonhawk Rider | 4 | 800 | / | 120 |
| total: | 25 | 2495g | / | 140w |
| Scout Tower | 59 | 1770 | / | 1180 |
| Arcane Tower | 5 | 350 | / | 250 |
| Guard Tower | 30 | 2100 | / | 1500 |
| Farm | 5 | 400 | / | 100 |
| Altar of Kings | 1 | 180 | / | 50 |
| Lumber Mill | 1 | 120 | / | 0 |
| Town Hall | 1 | 385 | / | 205 |
| Arcane Vault | 5 | 650 | / | 150 |
| Blacksmith | 1 | 140 | / | 60 |
| Barracks | 1 | 160 | / | 60 |
| Arcane Sanctum | 1 | 150 | / | 140 |
| Gryphon Aviary | 1 | 140 | / | 150 |
| Keep | 2 | 640 | / | 420 |
| Castle | 1 | 360 | / | 210 |
| total: | 76 | 4095g | / | 2095w |
| 0:02 | Peasant |
| 0:02 | Peasant |
| 0:05 | Farm |
| 0:08 | Altar of Kings |
| 0:14 | Lumber Mill |
| 0:28 | Peasant |
| 0:38 | Scout Tower |
| 0:42 | Peasant |
| 0:51 | Peasant |
| 1:06 | Peasant |
| 1:12 | Scout Tower |
| 1:14 | Scout Tower |
| 1:17 | Farm |
| 1:20 | Peasant |
| 1:32 | Arcane Tower |
| 1:34 | Peasant |
| 1:45 | Scout Tower |
| 1:54 | Scout Tower |
| 1:56 | Peasant |
| 2:02 | Peasant |
| 2:02 | Peasant |
| 2:08 | Guard Tower |
| 2:13 | Scout Tower |
| 2:23 | Guard Tower |
| 2:24 | Scout Tower |
| 2:31 | Summon Water Elemental |
| 2:38 | Peasant |
| 2:40 | Guard Tower |
| 2:54 | Peasant |
| 3:14 | Peasant |
| 3:14 | Peasant |
| 3:19 | Farm |
| 3:39 | Scout Tower |
| 3:40 | Guard Tower |
| 3:42 | Guard Tower |
| 3:54 | Scout Tower |
| 3:54 | Scout Tower |
| 4:08 | Scout Tower |
| 4:10 | Scout Tower |
| 4:11 | Guard Tower |
| 4:24 | Scout Tower |
| 4:25 | Scout Tower |
| 4:37 | Peasant |
| 4:38 | Peasant |
| 4:38 | Peasant |
| 4:38 | Peasant |
| 4:42 | Guard Tower |
| 4:47 | Guard Tower |
| 5:14 | Keep |
| 5:24 | Guard Tower |
| 5:43 | Farm |
| 6:27 | Town Hall |
| 6:38 | Scout Tower |
| 6:39 | Scout Tower |
| 6:50 | Brilliance Aura |
| 6:58 | Arcane Vault |
| 7:04 | Arcane Vault |
| 7:07 | Arcane Vault |
| 7:09 | Staff of Teleportation |
| 7:37 | Boots of Speed |
| 7:42 | Guard Tower |
| 8:29 | Scout Tower |
| 8:34 | Scout Tower |
| 8:34 | Scout Tower |
| 8:57 | Castle |
| 9:00 | Scout Tower |
| 9:01 | Guard Tower |
| 9:03 | Guard Tower |
| 9:17 | Flame Strike |
| 9:41 | Boots of Speed |
| 9:41 | Staff of Teleportation |
| 9:46 | Scout Tower |
| 9:47 | Scout Tower |
| 9:47 | Guard Tower |
| 10:08 | Scout Tower |
| 10:08 | Guard Tower |
| 10:29 | Scout Tower |
| 10:30 | Scout Tower |
| 10:31 | Guard Tower |
| 10:53 | Scout Tower |
| 10:57 | Guard Tower |
| 11:01 | Scout Tower |
| 11:19 | Summon Water Elemental |
| 11:44 | Scout Tower |
| 11:45 | Guard Tower |
| 11:46 | Guard Tower |
| 12:17 | Boots of Speed |
| 12:27 | Scout Tower |
| 12:27 | Scout Tower |
| 12:28 | Guard Tower |
| 12:33 | Improved Masonry |
| 12:33 | Advanced Masonry |
| 12:33 | Improved Lumber Harvesting |
| 12:36 | Arcane Sanctum |
| 13:17 | Siphon Mana |
| 13:20 | Staff of Teleportation |
| 13:23 | Tome of Retraining |
| 13:23 | Retrain Hero |
| 13:28 | Rain of Fire |
| 13:41 | Blizzard |
| 13:41 | Brilliance Aura |
| 14:12 | Magic Sentry |
| 14:13 | Arcane Vault |
| 14:18 | Arcane Vault |
| 14:21 | Priest |
| 14:21 | Priest |
| 14:21 | Priest Adept Training |
| 14:24 | Guard Tower |
| 14:26 | Scout Tower |
| 14:27 | Scout Tower |
| 14:33 | Staff of Sanctuary |
| 14:43 | Imbued Masonry |
| 15:21 | Guard Tower |
| 15:23 | Gryphon Aviary |
| 15:46 | Staff of Sanctuary |
| 15:47 | Orb of Fire |
| 15:56 | Staff of Sanctuary |
| 16:08 | Scout Tower |
| 16:09 | Scout Tower |
| 16:18 | Blacksmith |
| 16:20 | Barracks |
| 17:44 | Dragonhawk Rider |
| 17:45 | Cloud |
| 18:16 | Scout Tower |
| 18:16 | Scout Tower |
| 18:17 | Guard Tower |
| 18:21 | Studded Leather Armor |
| 18:21 | Iron Forged Swords |
| 18:23 | Animal War Training |
| 18:41 | Cleaving Attack |
| 18:54 | Scout Tower |
| 18:55 | Scout Tower |
| 18:55 | Guard Tower |
| 19:08 | Scout Tower |
| 19:09 | Scout Tower |
| 19:10 | Scout Tower |
| 19:10 | Scout Tower |
| 19:11 | Scout Tower |
| 19:11 | Scout Tower |
| 19:12 | Scout Tower |
| 19:12 | Scout Tower |
| 20:17 | Guard Tower |
| 20:24 | Scout Tower |
| 20:26 | Arcane Tower |
| 20:54 | Brilliance Aura |
| 21:11 | Arcane Tower |
| 22:01 | Dragonhawk Rider |
| 22:04 | Farm |
| 22:06 | Dragonhawk Rider |
| 22:46 | Scout Tower |
| 22:47 | Scout Tower |
| 22:48 | Scout Tower |
| 22:49 | Scout Tower |
| 22:49 | Scout Tower |
| 22:50 | Scout Tower |
| 22:51 | Scout Tower |
| 22:52 | Scout Tower |
| 22:53 | Scout Tower |
| 22:53 | Scout Tower |
| 22:54 | Scout Tower |
| 22:54 | Scout Tower |
| 24:00 | Flame Strike |
| 25:00 | Arcane Tower |
| 25:14 | Dragonhawk Rider |
| 25:56 | Blizzard |
| 25:59 | Siphon Mana |
| 26:00 | Rain of Fire |
| 26:38 | Reinforced Leather Armor |
| 26:39 | Steel Forged Swords |
| 28:35 | Scroll of Town Portal |
| 28:48 | Dragonhide Armor |
| Right click | 1768 |
| Select | 685 |
| Select group | 410 |
| Chat | 224 |
| Build/train/purchase | 148 |
| Use ability | 123 |
| Assign group | 45 |
| Misc. action | 31 |
| Minimap ping | 9 |
| Resource trade | 8 |
| Esc | 3 |
| Item give/drop | 2 |
| Remove unit | 2 |